 Dungeon Crawl Stone Soup version 0.26-a0-651-gb41185065b (webtiles) character file.

Game seed: 9516767021448418408

39358 Flugslaktarn the Cleaver (level 13, -11/121 HPs)
             Began as a Deep Dwarf Fighter on Oct 27, 2020.
             Was an Elder of Makhleb.
             Killed from afar by a deep troll earth mage (25 damage)
             ... with a blast of rock fragments
             ... on level 13 of the Dungeon.
             The game lasted 00:09:02 (8385 turns).

Flugslaktarn the Cleaver (Deep Dwarf Fighter)       Turns: 8385, Time: 00:09:02

Health: -11/121    AC: 30    Str: 19    XL:     13   Next: 68%
Magic:  7/7        EV: 18    Int: 11    God:    Makhleb [****..]
Gold:   1151       SH:  0    Dex: 20    Spells: 12/12 levels left

rFire    + + +     SeeInvis .   b - +6 battleaxe (freeze)
rCold    . . .     Faith    .   (shield currently unavailable)
rNeg     . . .     Spirit   .   u - +4 chain mail
rPois    .         Reflect  .   A - +2 helmet
rElec    .         Harm     .   D - +2 cloak
rCorr    .         Rampage  .   z - +2 pair of gloves
MR       +....                  (no boots)
Stlth    ..........             C - amulet of Ecyggyerr {*Contam rF+++ Regen+ Dex+4 Stlth-}
HPRegen  0.00/turn              p - +4 ring of protection
MPRegen  0.10/turn              v - +4 ring of evasion

@: flayed, non-regenerating
A: damage resistance, heal wounds, sense surroundings 2, no regeneration
a: Heal Wounds, Minor Destruction, Lesser Servant of Makhleb, Major Destruction,
Renounce Religion


You were on level 13 of the Dungeon.
You worshipped Makhleb.
Makhleb was greatly pleased with you.
You visited 2 branches of the dungeon, and saw 14 of its levels.

You collected 1151 gold pieces.

Inventory:

Hand Weapons
 a - a +1 war axe
 b - a +6 battleaxe of freezing (weapon)
   (You took it off Rupert on level 13 of the Dungeon)
 i - a +4 broad axe
   (You took it off a death knight on level 13 of the Dungeon)
 m - a +4 battleaxe
   (You took it off a wight on level 6 of the Dungeon)
Missiles
 f - 4 throwing nets (quivered)
Armour
 c - a +0 kite shield
 u - a +4 chain mail (worn)
   (You took it off Edmund on level 5 of the Dungeon)
 z - a +2 pair of gloves (worn)
   (You found it on level 8 of the Dungeon)
 A - a +2 helmet (worn)
   (You found it on level 13 of the Dungeon)
 D - a +2 cloak (worn)
   (You took it off Maurice on level 12 of the Dungeon)
Jewellery
 p - a +4 ring of protection (left hand)
   (You found it on level 9 of the Dungeon)
 v - a +4 ring of evasion (right hand)
   (You found it on level 10 of the Dungeon)
 C - the amulet of Ecyggyerr (around neck) {*Contam rF+++ Regen+ Dex+4 Stlth-}
   (You found it on level 12 of the Dungeon)

   [amulet of regeneration]

   It affects your dexterity (+4).
   It renders you almost immune to fire.
   It causes magical contamination when unequipped.
   It increases your rate of regeneration.
   It makes you less stealthy.
Wands
 g - a wand of digging (6)
   (You found it on level 8 of the Dungeon)
 B - a wand of acid (11)
   (You found it on level 12 of the Dungeon)
Scrolls
 e - a scroll of immolation
 j - 2 scrolls of enchant armour
 l - a scroll of magic mapping
 s - a scroll of vulnerability
 t - 6 scrolls of teleportation
 x - 7 scrolls of remove curse
 y - a scroll of holy word
Potions
 d - 2 potions of might
 h - 3 potions of invisibility
 k - 4 potions of flight
 n - a potion of resistance
 o - 2 potions of heal wounds
 q - 5 potions of curing
 w - a potion of mutation
Miscellaneous
 F - a condenser vane (inert)
   (You found it on level 11 of the Dungeon)


   Skills:
 + Level 9.6 Fighting
 * Level 14.8 Axes
 + Level 11.3 Armour
 + Level 10.0 Dodging
 - Level 5.4 Shields
 + Level 10.5 Invocations
 + Level 6.0 Evocations


You had 12 spell levels left.
You didn't know any spells.
Your spell library was empty.

Dungeon Overview and Level Annotations

Branches:
Dungeon (13/15)            Temple (1/1) D:7            Lair (0/6) D:11
    Orc (0/2) D:11         Vaults (0/5) D:13

Altars:
Ashenzari
Cheibriados
Dithmenos
Elyvilon
Fedhas
Gozag
Kikubaaqudgha
Makhleb
Nemelex Xobeh
Okawaru
Qazlal
Ru
Sif Muna
Trog
Uskayaw
Vehumet
Wu Jian
Xom
Yredelemnul
Zin
The Shining One

Shops:
D:4 =   D:5 ?

Portals:
Trove: D:11 (give +6 fire dragon scales)

Annotations:
D:8 1 runed translucent door, Sassenached's ghost, novice KoWn
D:10 2 runed translucent doors, Flugslaktarn's ghost, novice TrFi


Innate Abilities, Weirdness & Mutations

You are resistant to damage.
You can heal yourself by infusing magical energy.
You passively map the area around you.
You do not regenerate.


Message History

There are monsters nearby!
There are monsters nearby!
A storm dragon comes into view.
The storm dragon roars deafeningly!
Found 28 gold pieces and a robe.
Evoke which item? (* to show all) (? for menu, Esc to quit)
That is presently inert.
Unknown command.
Evoke which item? (* to show all) (? for menu, Esc to quit)
Okay, then.
The frost giant gestures at you while chanting.
The bolt of cold hits you!!!
* * * LOW HITPOINT WARNING * * *
The deep troll earth mage points at you and mumbles some strange words.
The wall shatters!
The blast of rock fragments hits you but does no damage.
You fail to use your ability.
The deep troll earth mage gestures at you while chanting.
The wall shatters!
The blast of rock fragments hits you!!
You die...

###.########.##
##..##.[...(##.##
##)###.######.##.##
##)##..##....##(##.##
##.##.###.####.##)##.#
####(##)##..##..##.##.#.#
##.((.#.##)###.C..##.#.#(#
##.#####/#.##...TD:?#.#.#(#
##.##...(.#)#@#...$[.#.#.#.#
##.##.####†#.#.##....##.#.#†#
#.##.##..#.#(##.##..##.##.#.#
###.#?##...(.##.##.####.##.##(#
..#.#.#.[(...###.##†...##.##.##
..#.#.#./C.[.####.######.##.##
..#.#.##....##..##...†.†##.##
..#.##.##..##.##.########.##
..##.##.####.####........##


You could see a storm dragon, a frost giant and a deep troll earth mage.

Vanquished Creatures
  Frances (D:13)
  Harold (D:8)
  3 vault guards
  2 hydras
  5 centaur warriors (D:13)
  A death knight (D:13)
  A tengu warrior (D:13)
  4 two-headed ogres
  A wizard (D:13)
  3 ugly things
  2 manticores
  3 cyclopes (D:13)
  3 centaur zombies
  Maurice (D:12)
  3 kobold demonologists
  A freezing wraith (D:13)
  2 trolls
  3 meliai (D:13)
  2 hornets
  Prince Ribbit (D:8)
  11 slime creatures
  3 hippogriffs
  2 hippogriffs (shapeshifter)
  Sigmund (D:5)
  2 vampires
  A yak (shapeshifter) (D:13)
  20 yaks
  9 humans (D:13)
  2 wyverns
  4 vampire mosquitoes (D:13)
  Edmund (D:5)
  2 acid dragons (D:13)
  8 orc warriors
  3 ice beasts
  5 sky beasts
  2 ogres (D:7)
  5 phantoms
  6 centaurs
  A crocodile (D:7)
  4 big kobolds
  7 bullfrogs
  A gnoll sergeant (D:12)
  2 wyvern skeletons
  5 scorpions
  7 killer bees
  5 wights
  9 howler monkeys
  2 bullfrog zombies
  3 quasits (D:10)
  9 hounds
  6 jellies
  4 orc priests
  14 orc wizards
  2 bullfrog skeletons
  5 centaur skeletons
  3 iguanas
  13 worker ants
  2 hound zombies
  A worker ant zombie (D:7)
  7 adders
  8 gnolls
  A howler monkey skeleton (D:10)
  2 shadow imps
  5 white imps
  An ufetubus (D:10)
  2 adder skeletons
  An adder zombie (D:7)
  3 dart slugs
  4 leopard geckos
  41 orcs
  2 giant cockroaches (D:6)
  3 goblins
  3 hobgoblins
  5 jackals
  13 kobolds
  2 quokkas
  A ball python (D:1)
  4 bats
  4 frilled lizards
  A jackal skeleton (D:8)
  A leopard gecko skeleton (D:4)
  4 quokka skeletons
  A quokka zombie (D:7)
  4 rats
358 creatures vanquished.

Vanquished Creatures (collateral kills)
  Rupert (D:13)
  A hydra (D:11)
  A death knight (D:12)
  An unseen horror (D:11)
  An orc knight (D:11)
  A hippogriff (D:11)
  A yak (D:11)
  A sky beast (D:12)
  A black bear (D:11)
  A wyvern zombie (D:11)
  An orc priest (D:12)
  An orc wizard (D:12)
  An iguana (D:11)
  2 worker ants
  4 orcs
19 creatures vanquished.

Vanquished Creatures (others)
  A vault guard (D:13)
  A hippogriff (D:8)
  A worker ant zombie (D:8)
  A quokka (D:8)
  A plant (D:3)
5 creatures vanquished.

Grand Total: 382 creatures vanquished

Notes
Turn   | Place    | Note
-------+----------+-------------------------------------------
     0 | D:1      | Flugslaktarn the Deep Dwarf Fighter began the quest for the
                  | Orb.
     0 | D:1      | Reached XP level 1. HP: 20/20 MP: 1/1
    89 | D:1      | Reached XP level 2. HP: 25/27 MP: 2/2
   222 | D:2      | Reached skill level 3 in Axes
   278 | D:2      | Reached XP level 3. HP: 28/34 MP: 3/3
   507 | D:4      | Noticed a scorpion
   517 | D:4      | Killed a scorpion
   517 | D:4      | Reached XP level 4. HP: 33/42 MP: 4/4
   539 | D:4      | Reached skill level 4 in Axes
   608 | D:4      | Reached XP level 5. HP: 39/49 MP: 5/5
   792 | D:4      | Reached XP level 6. HP: 47/56 MP: 6/6
   835 | D:4      | Found a basalt altar of Yredelemnul.
   838 | D:4      | Found Dones's Jewellery Emporium.
   886 | D:4      | Reached skill level 5 in Axes
  1005 | D:5      | Entered Level 5 of the Dungeon
  1033 | D:5      | Noticed Sigmund
  1036 | D:5      | Noticed a sky beast
  1041 | D:5      | Noticed Edmund
  1060 | D:5      | Killed Sigmund
  1060 | D:5      | Reached skill level 5 in Armour
  1060 | D:5      | Reached skill level 5 in Shields
  1060 | D:5      | Reached XP level 7. HP: 46/64 MP: 5/5
  1066 | D:5      | Reached skill level 6 in Axes
  1104 | D:5      | Killed Edmund
  1145 | D:5      | Found a shadowy altar of Dithmenos.
  1345 | D:5      | Found Danget's Magic Scroll Boutique.
  1521 | D:6      | Reached XP level 8. HP: 71/73 MP: 5/5
  1552 | D:6      | Reached skill level 1 in Dodging
  1571 | D:6      | Reached skill level 7 in Axes
  1572 | D:6      | Found an ancient bone altar of Kikubaaqudgha.
  1710 | D:6      | Reached skill level 5 in Fighting
  1726 | D:6      | Found a bloodstained altar of Trog.
  1926 | D:6      | Reached skill level 8 in Axes
  2179 | D:6      | Found a glowing silver altar of Zin.
  2245 | D:7      | Gained mutation: You passively map the area around you.
                  | [Deep Dwarf growth]
  2245 | D:7      | Reached XP level 9. HP: 62/81 MP: 6/6
  2376 | D:7      | Reached skill level 9 in Axes
  2563 | D:7      | Found a staircase to the Ecumenical Temple.
  2573 | Temple   | Entered the Ecumenical Temple
  2691 | Temple   | Became a worshipper of Makhleb the Destroyer
  2864 | D:8      | Noticed Harold
  2882 | D:7      | Reached skill level 1 in Invocations
  2908 | D:8      | Noticed Prince Ribbit
  2925 | D:8      | Killed Prince Ribbit
  2931 | D:8      | Reached skill level 5 in Dodging
  2956 | D:8      | Killed Harold
  2956 | D:8      | Reached * piety under Makhleb
  2956 | D:8      | Reached skill level 10 in Axes
  2956 | D:8      | Reached XP level 10. HP: 56/92 MP: 4/6
  3060 | D:8      | Found a runed translucent door.
  3060 | D:8      | Found a shimmering altar of Xom.
  3060 | D:8      | Noticed Sassenached's ghost (novice KoWn)
  3060 | D:8      | Noticed a +1 long sword of chaos
  3566 | D:9      | Found an ornate altar of the Wu Jian Council.
  3761 | D:9      | Noticed a two-headed ogre
  3771 | D:9      | Killed a two-headed ogre
  3969 | D:9      | You fall into a shaft and drop 2 floors!
  3996 | D:11     | Noticed a two-headed ogre
  3996 | D:11     | Noticed an orc knight
  3999 | D:11     | Noticed an orb spider
  4000 | D:11     | an orb spider changed into a rime drake
  4023 | D:10     | Entered Level 10 of the Dungeon
  4074 | D:10     | Reached skill level 11 in Axes
  4081 | D:10     | Reached skill level 5 in Invocations
  4090 | D:10     | Reached ** piety under Makhleb
  4208 | D:10     | Noticed a two-headed ogre
  4220 | D:10     | Killed a two-headed ogre
  4220 | D:10     | Reached XP level 11. HP: 55/100 MP: 7/7
  4471 | D:10     | Found a large runed translucent door.
  4472 | D:10     | Found a large runed translucent door.
  4472 | D:10     | Noticed Flugslaktarn's ghost (novice TrFi)
  4621 | D:11     | Found a staircase to the Lair.
  4631 | D:11     | Noticed a two-headed ogre
  4634 | D:11     | Found a stormy altar of Qazlal.
  4635 | D:11     | Noticed an eight-headed hydra
  4682 | D:10     | Killed a two-headed ogre
  4682 | D:10     | Reached skill level 12 in Axes
  5059 | D:12     | Reached *** piety under Makhleb
  5174 | D:12     | Noticed a green ugly thing
  5264 | D:12     | Noticed a death knight
  5297 | D:12     | Killed a death knight
  5431 | D:12     | Noticed a red ugly thing
  5457 | D:12     | Killed a purple ugly thing
  5537 | D:12     | Killed a green ugly thing
  5580 | D:12     | Reached XP level 12. HP: 53/111 MP: 6/6
  5630 | D:12     | Reached **** piety under Makhleb
  5636 | D:12     | Reached skill level 13 in Axes
  5727 | D:12     | Got a glittering golden amulet
  5913 | D:12     | Noticed Maurice
  5953 | D:12     | Killed Maurice
  5966 | D:12     | Identified the amulet of Ecyggyerr {*Contam rF+++ Regen+
                  | Dex+4 Stlth-} (You found it on level 12 of the Dungeon)
  6122 | D:11     | Reached skill level 10 in Armour
  6129 | D:11     | Killed a two-headed ogre
  6183 | D:11     | Identified the cursed +0 great mace "Killer Bee's Bane"
                  | {drain, +Rage rF+ Int+9 Dex-2}
  6267 | D:11     | Killed an eight-headed hydra
  6429 | D:11     | Found a staircase to the Orcish Mines.
  6469 | D:11     | Noticed an eight-headed hydra
  6478 | D:11     | Killed an eight-headed hydra
  6478 | D:11     | Reached skill level 1 in Evocations
  6896 | D:11     | Noticed a vault guard
  6918 | D:11     | Killed a vault guard
  6924 | D:11     | Found a portal to a secret trove of treasure.
  7201 | D:13     | Killed a vault guard
  7471 | D:13     | Noticed a centaur warrior
  7493 | D:13     | Killed a centaur warrior
  7565 | D:13     | Noticed a centaur warrior
  7566 | D:13     | Reached skill level 14 in Axes
  7572 | D:13     | Killed a centaur warrior
  7572 | D:13     | Reached XP level 13. HP: 121/121 MP: 8/8
  7580 | D:13     | Noticed Rupert
  7583 | D:13     | Paralysed by Rupert for 3 turns
  7597 | D:13     | Killed Rupert
  7697 | D:13     | Found a gate to the Vaults.
  7858 | D:13     | Got a smoking plate armour
  7869 | D:13     | Identified the +0 plate armour of Skepticism {Harm MR+++
                  | Dex-3 SInv} (You found it on level 13 of the Dungeon)
  8002 | D:13     | Reached skill level 10 in Invocations
  8074 | D:13     | Reached skill level 5 in Evocations
  8281 | D:13     | Noticed Frances
  8293 | D:13     | HP: 3/121 [Frances/shard of ice (36)]
  8295 | D:13     | Killed Frances
  8297 | D:13     | Reached skill level 10 in Dodging
  8382 | D:13     | Noticed a frost giant
  8383 | D:13     | Noticed a storm dragon
  8385 | D:13     | Killed from afar by a deep troll earth mage

Illustrated notes

Levels and vault maps discovered:
D:1:      tarquinn_simple_flora_water_a, layout_basic
D:2:      layout_loops_cross, marbit_many_paths,
          chequers_ecumenical_altar_twisty, minmay_misc_feat_rows,
          kennysheep_generic_room_5
D:3:      layout_rooms, chequers_big_river
D:4:      layout_basic, kennysheep_mini_moat, serial_shops, nicolae_shop_stone
D:5:      layout_cave_pools, serial_shops, nicolae_shop_waterfront,
          nicolae_dithmenos_shadow_blocks, uniq_sigmund, uniq_edmund
D:6:      layout_basic, zin_scriptorium, lemuel_doored_altar,
          nicolae_overflow_crystal_walls
D:7:      layout_rooms, minmay_temple_entry_drinking_statues
D:8:      layout_cave_pools, ebering_ghost_xom, serial_rivers,
          chequers_serial_rivers_small_b, chequers_serial_rivers_marsh,
          chequers_serial_rivers_micro_d, chequers_serial_rivers_small_a,
          kennysheep_generic_room_9, uniq_harold, uniq_prince_ribbit1
D:9:      layout_irregular_city, kennysheep_little_box, kennysheep_small_circle
D:10:     layout_rooms, ebering_ghost_disaster_area, kennysheep_generic_room_11
D:11:     hangedman_cross_cluster, layout_cave_pods, orc_david_3, enter_trove_5,
          chequers_hall_statues_corner_a, uniq_fannar
D:12:     layout_loops_ring, uniq_maurice
D:13:     kennysheep_snake, layout_rooms, ximxim_vaults_locker_room,
          uniq_rupert, uniq_frances
Temple:   nicolae_temple_elliptical

Skill      XL: |  1  2  3  4  5  6  7  8  9 10 11 12 13 |
---------------+----------------------------------------+-----
Axes           | 3 4 5 6 8 10 11 12 14 | 14.8
Fighting       | 3 4 5 6 7 8 9 |  9.6
Armour         | 4 5 6 7 8 9 10 11 | 11.3
Shields        | 4 5 |  5.4
Dodging        | 3 5 6 8 9 10 | 10.0
Invocations    | 3 5 7 9 10 | 10.5
Evocations     | 3 6 |  6.0

Action                   |  1- 3 |  4- 6 |  7- 9 | 10-12 | 13-15 || total
-------------------------+-------+-------+-------+-------+-------++-------
Melee: War axe           |    87 |   138 |   369 |   961 |     9 ||  1564
       Battleaxe         |       |       |       |       |   148 ||   148
Invok: Lesser Servant of |       |       |       |     7 |     3 ||    10
 Abil: Heal Wounds       |       |     5 |    18 |    24 |     6 ||    53
Evoke: Wand              |       |       |       |     3 |     5 ||     8
       Condenser vane    |       |       |       |     1 |     2 ||     3
  Use: Scroll            |       |       |    14 |    14 |     3 ||    31
       Potion            |       |       |     4 |     3 |       ||     7
 Stab: Invisible         |       |       |    21 |     6 |       ||    27
Armor: Scale mail        |    13 |       |       |       |       ||    13
       Chain mail        |    32 |    66 |   223 |   498 |   111 ||   930
       Skin              |       |       |    41 |       |       ||    41
Dodge: Dodged            |    22 |    23 |   117 |   442 |   184 ||   788
Block: Kite shield       |    53 |    88 |   225 |   529 |     1 ||   896

Table legend: (Time is in decaauts)
 A = Elapsed time spent in this place.
 B = Non-inter-level travel time spent in this place.
 C = Inter-level travel time spent in this place.
 D = Time resting spent in this place.
 E = Time spent auto-exploring this place.
 F = Levels seen in this place.
 G = Mean time per level.
                   A        B        C        D        E       F      G
               +--------+--------+--------+--------+--------+-----+--------+
         Total |   8510 |   8153 |    357 |    280 |   4720 |  14 |  607.9 |
       Dungeon |   8379 |   8041 |    338 |    280 |   4611 |  13 |  644.5 |
        Temple |    130 |    111 |     19 |      0 |    109 |   1 |  130.0 |
               +--------+--------+--------+--------+--------+-----+--------+

Top non-repeatable levels by time:
    D:13: 1348 daAuts
    D:12: 1068 daAuts
    D:11: 1034 daAuts
     D:9: 725 daAuts
     D:6: 723 daAuts
     D:8: 661 daAuts
    D:10: 615 daAuts
     D:7: 591 daAuts
     D:4: 542 daAuts
     D:5: 526 daAuts
     D:2: 215 daAuts
     D:1: 186 daAuts
     D:3: 140 daAuts
  Temple: 130 daAuts
